 Dungeon Crawl Stone Soup version 0.28-a0-1334-g1c9ffb4daf (webtiles) character file.

Game seed: 17146875088037390362

309929 EldarEldrad the Slayer (level 20, -9/198 HPs)
             Began as a Minotaur Berserker on Dec 23, 2021.
             Was a High Priest of Trog.
             Killed by the air
             ... invoked by a wind drake
              (13 damage)
             ... on level 2 of the Shoals on Dec 28, 2021.
             The game lasted 03:56:23 (43981 turns).

EldarEldrad the Slayer (Minotaur Berserker)        Turns: 43981, Time: 03:56:24

Health: -9/198     AC: 36    Str: 29    XL:     20   Next: 72%
Magic:  28/28      EV:  6    Int:  6    God:    Trog [*****.]
Gold:   858        SH:  0    Dex: 23    Spells: 19/19 levels left

rFire   + . .      SeeInvis +   a - +4 broad axe "Qostuil" {flame, rElec rPois Str+2}
rCold   . . .      Faith    .   Z - +18 shield of the Gong {rElec rN+ Will+ EV-5}
rNeg    + . .      Spirit   .   s - +6 plate armour of Entitlement {Dex+5}
rPois   +          Reflect  +   e - +3 crown of Dyrovepreva {rElec Int+2 SInv}
rElec   +          Harm     .   N - +2 cloak {Stlth+}
rCorr   .          Rampage  .   X - +1 pair of gloves
Will    +++++                   D - +0 pair of boots
Stlth   ..........              p - amulet of reflection
HPRegen 1.43/turn               q - ring of protection from fire
MPRegen 0.21/turn               w - ring "Tiyjemun" {Will+ MP+9 Dex+4}

@: about to teleport, strong-willed (expiring), mesmerised, held, regenerating
(expiring), hasted, studying 2 skills, very quick
A: horns 2, retaliatory headbutt
}: 1/15 runes: gossamer
a: Renounce Religion, Berserk, Trog's Hand, Brothers in Arms


You were on level 2 of the Shoals.
You worshipped Trog.
Trog was extremely pleased with you.
You visited 7 branches of the dungeon, and saw 31 of its levels.
You also visited: Ice Cave and Desolation.

You collected 3195 gold pieces.
You spent 2337 gold pieces at shops.

Inventory:

Hand Weapons
 a - the +4 broad axe "Qostuil" (weapon) {flame, rElec rPois Str+2}
   (You found it in the Desolation of Salt)

   It burns those it strikes, dealing additional fire damage.
   Big, fiery blades are also staple armaments of hydra-hunters.
   Str:       It affects your strength (+2).
   rElec:     It insulates you from electricity.
   rPois:     It protects you from poison.
 b - a +0 war axe of venom
Armour
 e - the +3 crown of Dyrovepreva (worn) {rElec Int+2 SInv}
   (You bought it in a shop on level 7 of the Dungeon)

   Int:       It affects your intelligence (+2).
   rElec:     It insulates you from electricity.
   SInv:      It lets you see invisible.
 k - the +0 plate armour of Qyelont {Drain rElec rF+ Will++}
   (You found it on level 6 of the Lair of Beasts)

   rF:        It protects you from fire.
   rElec:     It insulates you from electricity.
   Drain:     It drains your maximum health when unequipped.
   Will:      It greatly increases your willpower.
 s - the +6 plate armour of Entitlement (worn) {Dex+5}
   (You acquired it on level 1 of the Spider Nest)

   Dex:       It affects your dexterity (+5).
 z - a +2 plate armour of poison resistance
 D - a +0 pair of boots (worn)
 N - a +2 cloak of stealth (worn)
 V - a +1 plate armour of cold resistance
 X - a +1 pair of gloves (worn)
 Y - a +2 tower shield
 Z - the +18 shield of the Gong (worn) {rElec rN+ Will+ EV-5}
   (You bought it in a shop on level 1 of the Elven Halls)

   It is deafeningly noisy when blocking attacks.
   EV:        It affects your evasion (-5).
   rElec:     It insulates you from electricity.
   rN:        It protects you from negative energy.
   Will:      It increases your willpower.
Jewellery
 h - a ring of poison resistance
 p - an amulet of reflection (around neck)
 q - a ring of protection from fire (left hand)
 w - the ring "Tiyjemun" (right hand) {Will+ MP+9 Dex+4}
   (You found it in the Desolation of Salt)

   [ring of willpower]

   Dex:       It affects your dexterity (+4).
   MP:        It affects your magic capacity (+9).
   Will:      It increases your willpower.
 A - the ring of Bewnerae {Fly rC+}
   (You found it in the Desolation of Salt)

   [ring of flight]

   rC:        It protects you from cold.
   Fly:       It grants you flight.
 F - an amulet of regeneration
 H - a ring of resist corrosion
 Q - a ring of protection from cold
Wands
 r - a wand of acid (11)
 t - a wand of paralysis (8)
 y - a wand of mindburst (18)
 K - a wand of polymorph (24)
 T - a wand of iceblast (20)
Scrolls
 f - 4 scrolls of blinking
 g - 13 scrolls of teleportation
 j - 3 scrolls of enchant weapon
 m - a scroll of brand weapon
 o - 5 scrolls of enchant armour
 u - 2 scrolls of fog
 B - 2 scrolls of noise
 C - a scroll of holy word
 E - a scroll of torment
 I - 4 scrolls of fear
 L - a scroll of magic mapping
 O - a scroll of silence
Potions
 c - 5 potions of haste
 d - 7 potions of lignification
 i - a potion of resistance
 n - 2 potions of flight
 v - 3 potions of mutation
 x - 9 potions of curing
 G - 2 potions of berserk rage
 J - 3 potions of ambrosia
 P - 5 potions of might
 R - a potion of cancellation
 S - a potion of magic
 W - 2 potions of invisibility


   Skills:
 * Level 21.6 Fighting
 - Level 20.0 Axes
 - Level 20.0 Armour
 + Level 19.7 Dodging
 + Level 11.5 Shields
 - Level 10.0 Evocations


You had 19 spell levels left.
You didn't know any spells.
Your spell library was empty.

Dungeon Overview and Level Annotations

Branches:
Dungeon (15/15)            Temple (1/1) D:7            Lair (6/6) D:8
 Shoals (2/4) Lair:4       Spider (4/4) Lair:4        Slime (0/5) Lair:5
    Orc (2/2) D:10            Elf (1/3) Orc:2        Vaults (0/5) D:13
 Depths (0/4) D:15          IceCv (visited)         Desolation (visited)

Altars:
Ashenzari
Cheibriados
Dithmenos
Elyvilon
Fedhas
Gozag
Hepliaklqana
Kikubaaqudgha
Makhleb
Nemelex Xobeh
Okawaru
Qazlal
Ru
Sif Muna
Trog
Uskayaw
Vehumet
Wu Jian
Xom
Yredelemnul
Zin
The Shining One

Shops:
D:1 (   D:7 [   Orc:2 ((=(   Elf:1 :[*


Innate Abilities, Weirdness & Mutations

You have a pair of horns on your head.
You reflexively headbutt those who attack you in melee.


Message History

You block the merfolk impaler's attack.
PANG!
The merfolk misses you.
Unknown command.
You feel better.
* * * LOW HITPOINT WARNING * * *
Your lungs strain for air!
You block the merfolk's attack.
PTOANNNG!
You block the merfolk's attack.
BONNNG!
You block the merfolk's attack.
PANG!
You block the merfolk's attack.
GONNNNG!
The merfolk impaler barely misses you.
The merfolk impaler hits you but does no damage.
The merfolk hits you but does no damage.
The water elemental closely misses you. You furiously retaliate!
You headbutt the water elemental!!
You destroy the water elemental!
Trog accepts your kill.
You gasp with relief as air once again reaches your lungs.
The snapping turtle completely misses you.
The merfolk hits you from afar with a +0 trident.
* * * LOW HITPOINT WARNING * * *
You hear a deafening roar!
Blink to where?
Press: ? - help, Dir - move target You cannot blink away from the merfolk siren!
Blink to where?
Press: ? - help, Dir - move target
As you read the scroll of blinking, it crumbles to dust.
The merfolk throws a throwing net.
The throwing net hits you.
You become entangled in the net!
As you read the scroll of teleportation, it crumbles to dust.
You feel strangely unstable. The wind drake flaps its wings at you.
The air twists around and strikes you!
You die...

. #..m.≈≈≈≈≈
≈≈≈≈≈....##mm#
≈≈≈≈≈≈≈..kt†§##
≈≈≈≈≈≈≈≈..m(†)#
....≈≈mHmmmmmm≈.
#.≈≈≈≈≈≈≈m≈mm.##
#.≈≈≈≈t≈m≈≈≈##
#..≈≈≈≈≈≈≈≈≈.
#....@≈≈≈≈≈≈≈
#.....≈≈≈≈..≈≈≈
.....≈≈≈≈≈≈..≈≈
≈....≈≈≈≈≈≈≈≈≈≈
≈≈≈≈≈≈≈≈≈≈≈≈≈≈.
≈≈≈≈≈≈≈≈≈≈≈≈≈≈.
≈≈≈≈≈≈≈≈.≈≈≈≈≈.
≈≈≈≈≈≈≈≈..≈≈≈≈≈


You could see 2 merfolk impalers, 2 snapping turtles, a wind drake (repels
missiles), 11 merfolk, a manticore and a merfolk siren (mesmerising).

Vanquished Creatures
  Bai Suzhen (Spider:3)
  Nikola (Spider:2)
  Jorgrun (Spider:2)
  The ghost of Goaghut the Warrior, an adept KoBe of Trog (Spider:4)
  Donald (Shoals:1)
  2 ghost moths (Spider:4)
  5 emperor scorpions
  An imperial myrmidon (Desolation)
  A fire giant (D:15)
  Louise (Elf:1)
  2 broodmothers (Spider:3)
  A war gargoyle (Desolation)
  Nessos (D:13)
  5 entropy weavers
  2 spark wasps
  A halazid warlock (Desolation)
  2 crystal guardians (Desolation)
  A merfolk impaler (Shoals:1)
  A fire dragon (D:15)
  5 ragged hierophants (Desolation)
  Harold (D:11)
  5 peacekeepers (Desolation)
  5 servants of whispers (Desolation)
  7 boulder beetles
  A rakshasa (D:10)
  2 vault guards (D:13)
  10 hydras
  4 catoblepae
  2 radroaches
  6 two-headed ogres
  An alligator snapping turtle (Shoals:1)
  An ogre mage (D:14)
  7 centaur warriors
  A death knight (D:13)
  A merfolk aquamancer (Shoals:2)
  32 death yaks
  A merfolk avatar (Shoals:1)
  An anaconda (Lair:1)
  7 dancing weapons (Elf:1)
  8 death scarabs (Spider:4)
  5 tengu warriors
  2 spectral emperor scorpions (Spider:4)
  Nergalle (Orc:1)
  3 orc high priests (Orc:2)
  6 deep elf knights
  A spectral entropy weaver (Spider:4)
  A fire crab (Lair:1)
  4 sun moths
  5 orb spiders
  7 sea snakes
  5 steelbarb worms
  Pikel (D:6)
  5 deep elf archers (Elf:1)
  2 ironbound convokers (Desolation)
  22 wolf spiders
  A lindwurm (Lair:6)
  17 deep elf pyromancers
  2 spectral wolf spiders (Spider:4)
  7 orc knights
  2 necromancers (D:13)
  2 wizards
  18 harpies
  2 wolf spider zombies (Spider:4)
  13 deep elf zephyrmancers (Elf:1)
  10 manticores
  6 orc sorcerers
  7 ugly things
  4 fauns
  Joseph (D:7)
  8 cyclopes
  8 black mambas
  3 moths of wrath
  23 elephants
  2 merfolk sirens (Shoals:1)
  2 guardian serpents (Desolation)
  2 water nymphs
  An ice statue (IceCv)
  Maggie (D:10)
  2 molten gargoyles (Desolation)
  2 torpor snails
  A cane toad (shapeshifter) (Elf:1)
  10 cane toads
  An emperor scorpion simulacrum (Spider:4)
  4 gargoyles
  5 kobold demonologists
  An eye of devastation (Lair:5)
  An unseen horror (shapeshifter) (D:9)
  An unseen horror (D:13)
  15 komodo dragons
  2 redback zombies (Spider:4)
  8 rime drakes
  9 demonic crawlers
  An efreet (D:13)
  4 spectral redbacks (Spider:4)
  An entropy weaver simulacrum (Spider:4)
  10 trolls
  3 wind drakes
  9 meliai
  16 polar bears
  23 tarantellas
  A wolf spider simulacrum (Spider:4)
  Grinder (D:3)
  43 saltlings (Desolation)
  7 hornets
  2 tarantella zombies (Spider:4)
  2 spectral jumping spiders (Spider:4)
  4 spectral tarantellas (Spider:4)
  14 dream sheep
  7 merfolk (Shoals:1)
  9 slime creatures (D:15)
  11 blink frogs
  A jumping spider zombie (Spider:4)
  13 culicivoras
  3 snapping turtles (Shoals:1)
  An air elemental (Elf:1)
  5 wraiths
  2 shadows (D:10)
  36 jumping spiders
  4 water elementals (Shoals:2)
  3 wyverns
  72 yaks
  A fire elemental (Elf:1)
  19 humans (D:13)
  53 redbacks
  2 steam dragons
  9 basilisks
  6 vampire mosquitoes
  Menkaure (D:4)
  A warg (Orc:1)
  2 acid dragons
  2 spectral hornets (Spider:4)
  13 water moccasins
  A floating eye (Lair:5)
  25 orc warriors
  2 ice beasts
  2 sky beasts
  4 black bears
  2 boggarts (D:9)
  A necrophage (D:8)
  27 wolves
  7 ogres
  A lemure (D:6)
  21 centaurs
  2 phantoms
  8 kobold brigands
  18 bullfrogs
  2 gnoll sergeants
  5 scorpions
  10 killer bees
  4 wights
  7 howler monkeys
  4 electric eels
  13 centaur zombies
  A bullfrog zombie (D:5)
  A hound (D:5)
  Crazy Yiuf (D:5)
  12 orc priests
  A bullfrog skeleton (D:6)
  Jessica (D:2)
  Ijyb (D:3)
  22 orc wizards
  16 hell rats
  A killer bee zombie (D:8)
  6 ogre zombies (D:10)
  3 howler monkey zombies
  5 gnolls (D:8)
  2 river rats (D:8)
  11 adders
  A howler monkey skeleton (D:7)
  2 shadow imps
  2 white imps
  An ufetubus (D:4)
  5 worms
  A dart slug (D:3)
  56 orcs
  4 bats
  An endoplasm (D:1)
  4 giant cockroaches
  6 goblins
  6 hobgoblins
  2 jackals (D:2)
  14 kobolds
  5 quokkas
  10 ball pythons
  3 frilled lizards
  5 goblin zombies (D:10)
  A hobgoblin zombie (D:10)
  13 orc zombies (D:10)
  7 rats
  A pillar of salt (Elf:1)
1230 creatures vanquished.

Vanquished Creatures (collateral kills)
  A frost giant (IceCv)
  An orc knight (Orc:1)
  A wolf spider (Spider:1)
  A tarantella (Spider:1)
  A culicivora (Spider:1)
  2 orc warriors (Orc:1)
  An ogre (Orc:1)
  3 orc wizards (Orc:1)
  3 orcs (Orc:1)
14 creatures vanquished.

Vanquished Creatures (others)
  A sun moth (Lair:4)
  A steelbarb worm (Spider:3)
  A tengu conjurer (D:15)
  A centaur (D:9)
  A killer bee (D:9)
  26 fungi
  52 plants
83 creatures vanquished.

Grand Total: 1327 creatures vanquished

Notes
Turn   | Place    | Note
-------+----------+-------------------------------------------
     0 | D:1      | EldarEldrad the Minotaur Berserker began the quest for the
                  | Orb.
     0 | D:1      | Reached XP level 1. HP: 19/19 MP: 0/0
   304 | D:1      | Reached XP level 2. HP: 27/27 MP: 1/1
   586 | D:1      | Found Xalentoe's Antique Weapon Shop.
   713 | D:1      | Found a faded altar of an unknown god.
   942 | D:2      | Reached XP level 3. HP: 29/33 MP: 2/2
  1008 | D:2      | Reached skill level 5 in Axes
  1679 | D:2      | Reached XP level 4. HP: 30/40 MP: 3/3
  1910 | D:2      | Noticed Jessica
  1918 | D:2      | Killed Jessica
  1926 | D:2      | Reached ** piety under Trog
  2315 | D:1      | Bought a runed hand axe for 96 gold pieces
  2395 | D:3      | Noticed Ijyb
  2603 | D:3      | HP: 2/40 [Ijyb/bolt of acid (38)]
  2900 | D:3      | Killed Ijyb
  2901 | D:3      | Reached XP level 5. HP: 46/46 MP: 4/4
  2968 | D:3      | Noticed Grinder
  2990 | D:3      | Killed Grinder
  2991 | D:3      | Reached XP level 6. HP: 27/52 MP: 5/5
  3527 | D:3      | Upgraded the game from 0.28-a0-1233-g92def6ad0a to
                  | 0.28-a0-1235-g7c8fac35f0
  3664 | D:4      | Noticed an orc warrior
  3714 | D:4      | Killed an orc warrior
  3984 | D:4      | Noticed Menkaure
  4021 | D:4      | Reached XP level 7. HP: 43/58 MP: 6/6
  4035 | D:4      | Killed Menkaure
  4119 | D:4      | Reached skill level 4 in Fighting
  4516 | D:5      | Entered Level 5 of the Dungeon
  4550 | D:5      | Reached skill level 10 in Axes
  4550 | D:5      | Reached XP level 8. HP: 59/67 MP: 7/7
  4644 | D:5      | Reached skill level 5 in Fighting
  5262 | D:5      | Found a runed translucent door.
  5264 | D:5      | Noticed Crazy Yiuf
  5277 | D:5      | Killed Crazy Yiuf
  5913 | D:6      | Reached *** piety under Trog
  6200 | D:6      | Upgraded the game from 0.28-a0-1235-g7c8fac35f0 to
                  | 0.28-a0-1241-gf280a0fbb2
  6201 | D:7      | Found Qifie's Armour Shoppe.
  6353 | D:7      | Found a hide-covered altar of Uskayaw.
  6360 | D:7      | Reached XP level 9. HP: 55/74 MP: 8/8
  6594 | D:7      | Noticed Pikel
  6644 | D:6      | Killed Pikel
  6645 | D:6      | Reached skill level 5 in Armour
  6811 | D:7      | Noticed a +0 hand axe
  6812 | D:7      | Noticed a +0 dagger
  6941 | D:7      | Noticed Joseph
  6960 | D:7      | Killed Joseph
  7106 | D:7      | Found a staircase to the Ecumenical Temple.
  7122 | Temple   | Entered the Ecumenical Temple
  7775 | D:7      | Bought a +0 pair of boots for 54 gold pieces
  8328 | D:8      | Noticed a death yak
  8328 | D:8      | Noticed a death yak
  8364 | D:7      | Reached skill level 6 in Fighting
  8442 | D:7      | Killed a death yak
  8443 | D:7      | Reached XP level 10. HP: 41/84 MP: 9/9
  8445 | D:7      | Killed a death yak
  8446 | D:7      | Reached skill level 7 in Fighting
  8902 | D:8      | Noticed a death yak
  8922 | D:8      | Reached skill level 10 in Armour
  8935 | D:8      | Killed a death yak
  9294 | D:8      | Reached **** piety under Trog
  9358 | D:8      | Found a staircase to the Lair.
  9752 | Lair:1   | Entered Level 1 of the Lair of Beasts
  9878 | Lair:1   | Noticed a black mamba
  9887 | Lair:1   | Killed a black mamba
  9888 | Lair:1   | Reached skill level 5 in Dodging
  9997 | Lair:1   | Noticed a cane toad
 10010 | Lair:1   | Killed a cane toad
 10011 | Lair:1   | Reached XP level 11. HP: 89/92 MP: 10/10
 10311 | Lair:1   | Noticed an eight-headed hydra
 10338 | Lair:1   | Killed an eight-headed hydra
 10979 | Lair:1   | Reached skill level 10 in Dodging
 11734 | Lair:1   | Noticed a fire crab
 11881 | Lair:1   | Noticed a death yak
 11921 | Lair:1   | Killed a death yak
 11922 | Lair:1   | Reached skill level 1 in Evocations
 11922 | Lair:1   | Reached XP level 12. HP: 100/100 MP: 11/11
 12113 | Lair:1   | Noticed an anaconda
 12127 | Lair:1   | Killed an anaconda
 12343 | Lair:1   | Reached skill level 15 in Axes
 12687 | Lair:2   | Noticed a death yak
 12713 | Lair:2   | Killed a death yak
 12828 | Lair:2   | Noticed a death yak
 12842 | Lair:2   | Noticed a death yak
 12845 | Lair:2   | Noticed a death yak
 12849 | Lair:2   | Noticed a death yak
 12853 | Lair:2   | Killed a death yak
 12858 | Lair:2   | Killed a death yak
 12860 | Lair:2   | Killed a death yak
 12865 | Lair:2   | Killed a death yak
 13028 | Lair:2   | Noticed a four-headed hydra
 13040 | Lair:2   | Killed a four-headed hydra
 13332 | Lair:2   | Noticed a seven-headed hydra
 13343 | Lair:2   | Killed a seven-headed hydra
 13692 | Lair:2   | Reached skill level 5 in Evocations
 14005 | Lair:2   | You fall into a shaft and drop 1 floor!
 14663 | Lair:3   | Reached ***** piety under Trog
 14979 | Lair:3   | Noticed an eight-headed hydra
 14991 | Lair:3   | Killed an eight-headed hydra
 14992 | Lair:3   | Reached XP level 13. HP: 51/105 MP: 12/12
 16077 | Lair:4   | Found a staircase to the Shoals.
 16103 | Lair:4   | Found a frozen archway.
 16120 | IceCv    | Entered an ice cave
 17345 | IceCv    | Noticed a frost giant
 17552 | IceCv    | Killed a frost giant
 17815 | IceCv    | Identified the +9 hunting sling "Killer Bee's Foe" {speed,
                  | rC++ Str-3 Dex+7}
 18063 | Lair:4   | Found a hole to the Spider Nest.
 18488 | D:7      | Bought the +3 crown of Dyrovepreva {rElec Int+2 SInv} for
                  | 496 gold pieces
 18488 | D:7      | Found the +3 crown of Dyrovepreva {rElec Int+2 SInv}
 18641 | Lair:4   | Reached XP level 14. HP: 74/113 MP: 13/13
 18825 | Lair:5   | Reached skill level 15 in Armour
 18890 | Lair:4   | Reached skill level 8 in Fighting
 19604 | Lair:5   | Reached skill level 9 in Fighting
 19637 | Lair:5   | Found a staircase to the Slime Pits.
 20221 | Lair:5   | Reached skill level 10 in Fighting
 20263 | Lair:5   | Identified the +4 scale mail of Rogutt {*Corrode rElec
                  | rPois}
 20517 | Lair:5   | Upgraded the game from 0.28-a0-1241-gf280a0fbb2 to
                  | 0.28-a0-1292-gb4563b27b3
 20518 | Lair:6   | Entered Level 6 of the Lair of Beasts
 22324 | Lair:6   | Received a gift from Trog
 22944 | Lair:6   | Reached XP level 15. HP: 126/126 MP: 14/14
 23411 | Lair:6   | Identified the +0 plate armour of Qyelont {Drain rElec rF+
                  | Will++}
 24011 | D:9      | Reached skill level 15 in Dodging
 24224 | D:9      | Identified the +6 dagger of Petz {drain, *Noise rN+ Int+2
                  | Stlth+}
 24449 | D:9      | Paralysed by a hornet for 2 turns
 24957 | D:9      | Received a gift from Trog
 24958 | D:9      | Reached skill level 11 in Fighting
 25682 | D:10     | Entered Level 10 of the Dungeon
 25777 | D:10     | Noticed Maggie
 25798 | D:10     | Killed Maggie
 25899 | D:10     | Found a staircase to the Orcish Mines.
 26506 | Orc:1    | Entered Level 1 of the Orcish Mines
 26506 | Orc:1    | You fall into a shaft and drop 1 floor!
 26506 | Orc:2    | Entered Level 2 of the Orcish Mines
 26606 | Orc:2    | Found a staircase to the Elven Halls.
 26734 | Orc:1    | Reached skill level 12 in Fighting
 26810 | Orc:1    | Noticed Nergalle
 26828 | Orc:1    | Killed Nergalle
 26870 | Orc:1    | Received a gift from Trog
 26875 | Orc:1    | Reached ****** piety under Trog
 27745 | Orc:2    | Paralysed by an orc sorcerer for 2 turns
 28311 | Orc:2    | Found Xajoypp's Weapon Emporium.
 28311 | Orc:2    | Found Noiblag's Jewellery Emporium.
 28312 | Orc:2    | Found Moxodet's Weapon Shop.
 28314 | Orc:2    | Received a gift from Trog
 28315 | Orc:2    | Found Votsicuwi's Antique Weapon Shop.
 28444 | Elf:1    | Entered Level 1 of the Elven Halls
 28612 | Elf:1    | Found Barig's Assorted Antiques.
 28621 | Elf:1    | Bought a potion of haste for 150 gold pieces
 28621 | Elf:1    | Bought a scroll of fear for 52 gold pieces
 28621 | Elf:1    | Bought a scroll of identify for 30 gold pieces
 28642 | Elf:1    | Found a crumbling gateway.
 28716 | Desolati | Entered the Desolation of Salt
 29048 | Desolati | Reached XP level 16. HP: 135/139 MP: 15/15
 29488 | Desolati | Identified the +1 arbalest "Nomiak" {vorpal, Fragile rElec
                  | rPois rCorr}
 29489 | Desolati | Identified the ring "Tiyjemun" {Will+ MP+9 Dex+4}
 29642 | Desolati | Received a gift from Trog
 29936 | Desolati | Identified the ring of Bewnerae {Fly rC+}
 29959 | Desolati | Identified the +4 broad axe "Qostuil" {flame, rElec rPois
                  | Str+2}
 30393 | Desolati | Identified the +10 demon blade of Capital Punishment {elec,
                  | rC+ rN+}
 30397 | Desolati | Identified the +1 leather armour of Shielding {rPois rN+
                  | Str+2 Stlth+}
 30640 | Elf:1    | Paralysed by an air elemental for 1 turns
 30787 | Elf:1    | Found Vuvifan's Armour Boutique.
 30862 | Elf:1    | Found Joidd's Book Emporium.
 30944 | Elf:1    | Noticed Louise
 30965 | Elf:1    | Killed Louise
 31155 | Elf:1    | Received a gift from Trog
 31176 | Elf:1    | Reached XP level 17. HP: 143/148 MP: 16/16
 31220 | Elf:1    | Reached skill level 10 in Evocations
 31220 | Elf:1    | Reached skill level 13 in Fighting
 31220 | Elf:1    | Reached XP level 18. HP: 157/157 MP: 17/17
 32054 | D:11     | Noticed Harold
 32062 | D:11     | Killed Harold
 32727 | Elf:1    | Bought the +18 shield of the Gong {rElec rN+ Will+ EV-5}
                  | for 1459 gold pieces
 32727 | Elf:1    | Found the +18 shield of the Gong {rElec rN+ Will+ EV-5}
 33071 | D:12     | Received a gift from Trog
 33632 | D:13     | Reached XP level 19. HP: 160/166 MP: 18/18
 33793 | D:13     | Reached skill level 14 in Fighting
 33813 | D:13     | Noticed Nessos
 33821 | D:13     | Killed Nessos
 34006 | D:13     | Found a gate to the Vaults.
 34795 | D:14     | Received a gift from Trog
 35467 | D:15     | Entered Level 15 of the Dungeon
 35467 | D:15     | Found a staircase to the Depths.
 35883 | D:15     | Reached skill level 15 in Fighting
 37177 | Spider:1 | Entered Level 1 of the Spider Nest
 37192 | Spider:1 | Reached skill level 5 in Shields
 37332 | Lair:4   | Received a gift from Trog
 37883 | Spider:1 | Identified 2 scrolls of acquirement
 38117 | Spider:1 | Acquired a manual of Fighting
 38119 | Spider:1 | Acquired the +6 plate armour of Entitlement {Dex+5}
 38658 | Spider:2 | Reached skill level 16 in Fighting
 38846 | Spider:2 | Upgraded the game from 0.28-a0-1292-gb4563b27b3 to
                  | 0.28-a0-1334-g1c9ffb4daf
 38847 | Spider:3 | Noticed Nikola
 38868 | Spider:2 | Killed Nikola
 39063 | Spider:3 | Noticed Jorgrun
 39084 | Spider:2 | Killed Jorgrun
 39237 | Spider:3 | Noticed Bai Suzhen
 39256 | Spider:3 | Killed Bai Suzhen
 39257 | Spider:3 | Reached skill level 17 in Fighting
 39264 | Spider:3 | Received a gift from Trog
 39662 | Spider:3 | Reached skill level 18 in Fighting
 39954 | Spider:3 | Reached XP level 20. HP: 189/189 MP: 19/19
 40309 | Spider:4 | Entered Level 4 of the Spider Nest
 40333 | Spider:4 | Reached skill level 19 in Fighting
 40788 | Spider:4 | Noticed Goaghut's ghost (adept KoBe)
 40934 | Spider:4 | Identified the +1 leather armour "Vuopsink" {rElec rPois
                  | Dex-3}
 40956 | Spider:4 | Received a gift from Trog
 41167 | Spider:4 | Found a transporter.
 41173 | Spider:4 | Found a transporter.
 41294 | Spider:4 | Reached skill level 20 in Fighting
 41433 | Spider:4 | Reached skill level 10 in Shields
 41587 | Spider:4 | Killed Goaghut's ghost
 42115 | Spider:4 | Reached skill level 21 in Fighting
 42141 | Spider:4 | Got a gossamer rune of Zot
 42286 | Spider:4 | Identified the +5 dagger of Blind Justice {freeze, rC+ rN+}
 42375 | Shoals:1 | Entered Level 1 of the Shoals
 42691 | Shoals:1 | Noticed Donald
 42998 | Shoals:1 | Killed Donald
 43792 | Shoals:2 | Received a gift from Trog
 43976 | Shoals:2 | HP: 9/198 [snapping turtle (3)]
 43976 | Shoals:2 | HP: 1/198 [merfolk (8)]
 43981 | Shoals:2 | Killed from afar by a wind drake

Illustrated notes

Levels and vault maps discovered:
D:1:      lightli_arrival_statuegarden, layout_loops_ring,
          hellmonk_ecumenical_altar_blasted, serial_shops,
          nicolae_shop_advertising_works [nicolae_subvault_shop_adworks],
          minmay_tripent
D:2:      minmay_alternating_diamond, layout_loops_ring, uniq_jessica
D:3:      layout_basic, uniq_ijyb, uniq_grinder
D:4:      layout_basic, uniq_menkaure
D:5:      layout_basic, serial_glass, glass_columns_a, glass_columns_c,
          minmay_strange_pillars, item_on_display_a, due_unseen_surprise,
          serial_park_tiny_pond, uniq_crazy_yiuf_cottage
D:6:      layout_basic
D:7:      layout_basic, dancing_weapons_uskayaw, temple_green, serial_shops,
          nicolae_shop_window_shopping, uniq_joseph, uniq_pikel
D:8:      layout_basic, dpeg_lair_monsters
D:9:      minmay_the_grid_3x2 [minmay_the_grid_rooms, minmay_the_grid_slots,
          minmay_the_grid_garden, minmay_the_grid_box_x,
          minmay_the_grid_tiny_cups, minmay_the_grid_prize_four_corners],
          layout_stronghold, minmay_misc_feat_tiny, minmay_pinched_square
D:10:     layout_roguey, zombieorc1_lemuel, uniq_maggie
D:11:     layout_layer_cave, minmay_circle_x, uniq_harold
D:12:     layout_loops_ring
D:13:     layout_loops_ring, grunt_vaults_entry_tiered, uniq_nessos
D:14:     layout_cave_pools, minmay_tree_intersection
D:15:     grunt_enter_depths_giant_problem, layout_layer_cave,
          amcnicky_mini_pool_small
Temple:   dpeg_three_leaves_temple
Lair:1:   layout_hall_layers, eino_small_chamber_without_monster,
          nicolae_lair_lakeside_cave
Lair:2:   layout_regular_city
Lair:3:   layout_cave_shapes, gauntlet_entry_generic, disabler_island
Lair:4:   layout_hall_layers, shoals_dummy_entry, spider_nest_entry_rubble,
          portal_ice_cave_rime
Lair:5:   layout_roguey, minmay_slime_entry_eyes, infiniplex_staircase_pool,
          lemuel_fruit_tree
Lair:6:   evilmike_catoblepas_cave, layout_regular_city
Shoals:1: layout_shoals, uniq_donald
Shoals:2: argonaut_golden_fleece, layout_shoals
Spider:1: layout_spider_delve
Spider:2: layout_spider_delve, spiders_nest_spider_trap
Spider:3: layout_spider_delve, uniq_nikola, uniq_jorgrun, uniq_bai_suzhen
Spider:4: floodkiller_spider_rune_tomb, gammafunk_ghost_mausoleum
Orc:1:    layout_caves, uniq_nergalle
Orc:2:    st_orc_elflike, layout_diamond_mine
Elf:1:    elf_arrival_001, layout_rooms, serial_shops,
          nicolae_shop_hallway_stairs, nicolae_shop_crystal, shop,
          portal_desolation_entry_garden, hangedman_elven_crosses_minicolossus,
          dk_noncrumbling_3, uniq_louise

Skill      XL: |  1  2  3  4  5  6  7  8  9 10 11 12 13 14 15 16 17 18 19 20 |
---------------+-------------------------------------------------------------+-----
Axes           | 4 5 6 7 8 10 12 14 17 19 20 | 20.0
Shields        | 2 3 4 8 11 | 11.5
Fighting       | 4 5 6 7 10 12 13 18 21 | 21.6
Armour         | 4 8 12 14 15 17 20 | 20.0
Dodging        | 5 12 14 15 16 19 | 19.7
Evocations     | 1 5 6 8 9 10 | 10.0

Action                   |  1- 3 |  4- 6 |  7- 9 | 10-12 | 13-15 | 16-18 | 19-21 || total
-------------------------+-------+-------+-------+-------+-------+-------+-------++-------
Melee: Hand axe          |    72 |    82 |   281 |   474 |  1151 |       |       ||  2060
       Headbutt          |     9 |    14 |    52 |   135 |   489 |   155 |   338 ||  1192
       Mace              |       |       |       |    23 |    23 |       |       ||    46
       War axe           |       |       |       |       |   348 |   122 |       ||   470
       Broad axe         |       |       |       |       |       |   339 |  1111 ||  1450
Invok: Berserk           |     1 |     3 |     4 |     5 |     3 |     2 |     6 ||    24
       Trog's Hand       |       |     1 |     5 |     8 |    10 |     1 |    10 ||    35
       Brothers in Arms  |       |       |       |     1 |     2 |       |     3 ||     6
Evoke: Wand              |       |     1 |       |       |     5 |       |     2 ||     8
  Use: Scroll            |       |     5 |     5 |     3 |    12 |     4 |     8 ||    37
       Potion            |       |       |       |       |     3 |     2 |     8 ||    13
 Stab: Distracted        |       |       |     1 |       |     1 |       |       ||     2
Armor: Leather armour    |    13 |    10 |    41 |     8 |    13 |       |       ||    85
       Plate armour      |       |       |       |   121 |   383 |   133 |   524 ||  1161
Dodge: Dodged            |    36 |    22 |    75 |   119 |   392 |   176 |   459 ||  1279
Block: Other             |       |     2 |       |       |       |       |       ||     2
       Buckler           |       |    15 |    79 |   159 |   558 |   154 |       ||   965
       Reflection        |       |       |     1 |     2 |    27 |    26 |    40 ||    96
       Kite shield       |       |       |       |       |       |    49 |  1952 ||  2001

Table legend: (Time is in decaauts)
 A = Elapsed time spent in this place.
 B = Non-inter-level travel time spent in this place.
 C = Inter-level travel time spent in this place.
 D = Time resting spent in this place.
 E = Time spent auto-exploring this place.
 F = Levels seen in this place.
 G = Mean time per level.
                   A        B        C        D        E       F      G
               +--------+--------+--------+--------+--------+-----+--------+
         Total |  43265 |  41242 |   2023 |   9331 |  22841 |  33 | 1311.1 |
       Dungeon |  17524 |  16614 |    910 |   2344 |  11381 |  15 | 1168.3 |
        Temple |     79 |     65 |     14 |      0 |     55 |   1 |   79.0 |
          Lair |  12875 |  12378 |    497 |   3962 |   6173 |   6 | 2145.8 |
        Shoals |   1094 |   1023 |     71 |    140 |    670 |   2 |  547.0 |
   Spider Nest |   4748 |   4529 |    219 |   1182 |   1854 |   4 | 1187.0 |
  Orcish Mines |   2047 |   1888 |    159 |    476 |    768 |   2 | 1023.5 |
   Elven Halls |   1559 |   1407 |    152 |    162 |    855 |   1 | 1559.0 |
      Ice Cave |   1620 |   1620 |      0 |    316 |    594 |   1 | 1620.0 |
    Desolation |   1716 |   1716 |      0 |    747 |    490 |   1 | 1716.0 |
               +--------+--------+--------+--------+--------+-----+--------+

Top non-repeatable levels by time:
  Lair:6: 2837 daAuts
  Lair:1: 2735 daAuts
  Lair:4: 2301 daAuts
  Lair:2: 2040 daAuts
     D:2: 1939 daAuts
     D:9: 1826 daAuts
Desolation: 1716 daAuts
   IceCv: 1620 daAuts
     D:7: 1619 daAuts
Spider:4: 1608 daAuts
  Lair:3: 1601 daAuts
     D:8: 1572 daAuts
   Elf:1: 1559 daAuts
Spider:3: 1428 daAuts
  Lair:5: 1360 daAuts
